Map: Mist Opportunities

Players

ZPR

  • Race: Zerg Zerg
  • Spawn Location: 6:00

zpr

  • Race: Terran Terran
  • Spawn Location: 5:00

VOD

Have the link to the VOD?

Description

Time

  • Played on: Jan. 25, 2018, 12:46 p.m.
  • Length: 30:07
Show
View Real Time Build Order
Export as new Build Order

ZPR Zerg 

Build Orders:  

Get SALT Encoding   

  12  0:03  Drone  
  13  0:11  Drone  
  14  0:20  Extractor  
  14  0:21  Drone  
  15  0:31  Overlord  
  15  1:04  Hatchery  
  15  1:07  Drone  
  15  1:13  Drone  
  15  1:19  Drone  
  17  1:24  Drone  
  18  1:31  Drone  
  19  1:46  Drone  
  20  1:54  Spawning Pool  
  19  2:01  Drone  
  19  2:04  Drone  
  21  2:16  Drone  
  21  2:19  Drone  
  23  2:26  Queen  
  25  2:32  Drone  
  25  2:36  Extractor x2  
  25  2:39  Drone  
  25  2:46  Drone  
  26  2:52  Evolution Chamber  
  26  2:57  Overlord  
  25  3:06  Drone x2  
  27  3:16  Drone  
  28  3:22  Drone, Queen  
  29  3:31  Drone  
  29  3:32  Heroic Fortitude  
  29  3:35  Overlord  
  30  3:46  Drone  
  31  3:56  Zerg Melee Weapons Level 1  
  31  4:08  Drone x4  
  34  4:18  Drone x4  
  38  4:35  Hatchery, Overlord  
  37  4:44  Lair  
  37  4:53  Drone  
  38  5:00  Zerg Missile Weapons Level 1  
  38  5:02  Drone x3  
  41  5:19  Drone x2  
  43  5:20  Drone x3  
  43  5:23  Extractor x2  
  44  5:35  Drone x3  
  44  5:36  Drone x2  
  49  5:45  Overlord  
  49  5:53  Nydus Network  
  48  6:04  Chain Reaction  
  48  6:07  Hive  
  48  6:26  Zergling x2  
  48  6:27  Zergling x14  
  48  6:28  Zergling x4  
  58  6:40  Zerg Melee Weapons Level 2, Drone  
  58  6:42  Hydralisk Den  
  58  6:52  Zergling x10  
  58  6:53  Zergling x2  
  58  6:54  Drone  
  58  6:59  Overlord, Zergling x2  
  43  7:00  Zergling x2  
  64  7:01  Zergling x6  
  64  7:02  Zergling x7  
  64  7:03  Zergling x6  
  64  7:04  Zergling x8  
  64  7:05  Zergling x3  
  64  7:11  Zergling x8  
  64  7:12  Omega Worm, Zergling x5  
  64  7:13  Zergling x4  
  64  7:14  Zergling x6  
  64  7:15  Zergling x6  
  64  7:16  Zergling x8  
  64  7:17  Zergling x3  
  64  7:18  Zergling  
  64  7:21  Nydus Network  
  64  7:23  Nydus Network  
  64  7:25  Muscular Augments  
  64  7:28  Adrenal Overload  
  62  7:30  Zergling  
  62  7:31  Zergling x2  
  62  7:32  Zergling x6  
  62  7:33  Zergling x2  
  62  7:34  Zergling x6  
  62  7:35  Zergling x4  
  62  7:36  Zergling x4  
  62  7:37  Zergling x5  
  62  7:38  Zergling x9  
  62  7:39  Zergling x3  
  68  7:40  Zergling  
  68  7:42  Zergling  
  68  7:49  Ancillary Carapace  
  68  7:56  Ability Efficiency  
  72  8:03  Hydralisk x2  
  72  8:06  Drone  
  72  8:07  Drone  
  72  8:09  Zergling x2  
  74  8:10  Zergling x10  
  74  8:11  Overlord, Zergling x4  
  74  8:12  Omega Worm, Zergling  
  74  8:13  Zergling x8  
  74  8:14  Zergling x7  
  74  8:15  Zergling x4  
  74  8:32  Omega Worm  
  73  8:41  Zergling x3  
  73  8:42  Zergling x8  
  73  8:43  Zergling x7  
  73  8:44  Zerg Melee Weapons Level 3, Zergling x8  
  73  8:48  Hydralisk x4  
  73  8:49  Metabolic Boost  
  81  8:53  Zergling x2  
  81  8:54  Zergling x2  
  81  8:55  Zergling x5  
  80  9:01  Omega Worm  
  79  9:10  Zergling x4  
  79  9:11  Overlord x3, Zergling x7  
  79  9:12  Zergling x4  
  79  9:13  Shredding Claws, Zergling x5  
  79  9:14  Zergling x2  
  79  9:15  Overlord  
  79  9:16  Hydralisk  
  80  9:26  Zergling x3  
  80  9:27  Zergling x10  
  80  9:28  Zergling x12  
  79  9:32  Overlord x6  
  79  9:37  Hydralisk  
  81  9:45  Zergling  
  81  9:49  Hardened Carapace  
  91  9:53  Hydralisk x5  
  88  10:00  Hydralisk x2  
  88  10:08  Zergling x2  
  90  10:13  Hydralisk x2  
  90  10:15  Zergling x7  
  90  10:16  Zergling x5  
  90  10:22  Zergling  
  90  10:23  Zergling x7  
  90  10:24  Zergling  
  90  10:26  Zergling x5  
  90  10:28  Zergling x5  
  90  10:29  Zergling x2  
  64  10:30  Hydralisk x3, Zergling x3  
  96  10:33  Zerg Missile Weapons Level 2  
  96  10:37  Zergling x4  
  97  10:52  Zergling x4  
  97  10:53  Zergling x4  
  97  10:54  Zergling x2  
  97  10:55  Zergling x2  
  97  10:56  Zergling  
  97  10:57  Hydralisk  
  97  10:58  Hydralisk x3  
  104  11:00  Zergling x8  
  104  11:01  Omega Worm  
  108  11:15  Zergling x2  
  108  11:18  Zergling x3  
  107  11:20  Zergling x3  
  107  11:22  Zergling x10  
  107  11:23  Zergling x8  
  107  11:24  Zergling x7  
  107  11:25  Zergling  
  107  11:27  Zergling x2  
  107  11:28  Zergling x15  
  107  11:29  Zergling x2  
  113  11:30  Zergling  
  113  11:31  Zergling x2  
  113  11:33  Zergling  
  113  11:46  Omega Worm  
  113  11:49  Hydralisk x3  
  120  11:50  Hydralisk, Zergling x4  
  120  11:51  Zergling  
  120  12:00  Zerg Missile Weapons Level 3  
  120  12:08  Zergling x3  
  120  12:09  Zergling x7  
  126  12:10  Zergling x12  
  126  12:11  Zergling x4  
  126  12:12  Omega Worm, Zergling x10  
  126  12:13  Zergling x9  
  126  12:14  Hydralisk x3, Zergling x10  
  126  12:15  Zergling x8  
  126  12:16  Zergling  
  126  12:17  Zergling x11  
  126  12:18  Zergling x7  
  126  12:19  Zergling x5  
  126  12:20  Zergling x8  
  126  12:21  Zergling x8  
  126  12:22  Zergling x5  
  126  12:23  Zergling x6  
  126  12:24  Zergling x2  
  126  12:38  Hydralisk  
  126  12:39  Hydralisk x5, Zergling x5  
  136  12:40  Zergling x6  
  136  12:41  Zergling x4  
  136  12:42  Zergling x5  
  136  12:43  Zergling x6  
  136  12:44  Zergling x4  
  132  12:51  Hydralisk x4  
  132  12:52  Zergling x4  
  132  12:53  Hydralisk, Zergling x2  
  134  13:06  Zergling x3  
  134  13:07  Zergling x10  
  134  13:08  Zergling x2  
  134  13:09  Zergling x6  
  132  13:10  Zergling  
  132  13:11  Zergling x5  
  132  13:13  Zergling x5  
  132  13:14  Zergling x2  
  138  13:20  Hydralisk x2  
  138  13:21  Hydralisk x2  
  138  13:28  Zerg Ground Armor Level 1  
  138  13:38  Omega Worm, Zergling x2  
  139  13:44  Frenzy  
  139  13:45  Hydralisk x4  
  139  13:46  Hydralisk  
  141  13:50  Zergling x6  
  141  13:51  Zergling x2  
  145  14:08  Zergling x6  
  145  14:09  Zergling x3  
  150  14:10  Zergling x2  
  150  14:13  Hydralisk x3  
  158  14:22  Hydralisk  
  158  14:23  Hydralisk x3  
  158  14:38  Zergling  
  158  14:39  Zergling  
  132  14:40  Zergling x3  
  132  14:41  Zergling x12  
  132  14:42  Zergling x9  
  141  14:57  Omega Worm  
  141  14:58  Zergling x16  
  141  14:59  Zergling x4  
  141  15:00  Zergling x11  
  141  15:01  Zergling  
  141  15:02  Zergling x15  
  141  15:03  Zergling  
  141  15:04  Zergling x13  
  141  15:06  Zergling  
  141  15:07  Zergling x8  
  141  15:08  Zergling x4  
  141  15:09  Zergling x7  
  140  15:10  Zergling x9  
  140  15:11  Zergling  
  140  15:12  Zergling x3  
  140  15:13  Zergling x11  
  140  15:14  Zergling x5  
  140  15:15  Zergling x6  
  140  15:16  Zergling x7  
  140  15:17  Omega Worm, Zergling x7  
  140  15:18  Zergling x5  
  140  15:19  Zergling x3  
  138  15:21  Zergling x7  
  138  15:22  Zergling x4  
  138  15:23  Zergling x7  
  138  15:24  Zergling x5  
  138  15:25  Zergling x3  
  138  15:26  Zergling x7  
  138  15:27  Zergling  
  138  15:28  Zergling x2  
  138  15:29  Omega Worm, Zergling x5  
  150  15:30  Zergling x5  
  150  15:31  Zergling x2  
  150  15:32  Hydralisk x5, Zergling x2  
  150  15:33  Hydralisk x3, Zergling x5  
  150  15:34  Zergling  
  150  15:37  Zergling  
  150  15:38  Zergling x3  
  150  15:39  Zergling x3  
  146  15:40  Zergling x3  
  146  15:41  Zergling x2  
  146  15:42  Zergling  
  146  15:43  Zergling x3  
  146  15:46  Zergling x7  
  146  15:47  Zergling x2  
  146  15:48  Zergling x6  
  146  15:49  Zergling x18  
  152  15:50  Zergling x10  
  152  15:51  Zergling x5  
  152  15:52  Zergling x2  
  152  15:53  Zergling x2  
  152  15:54  Zergling x4  
  152  15:55  Zergling x5  
  152  15:56  Zergling x7  
  152  15:57  Zergling x5  
  152  15:58  Omega Worm, Zergling x3  
  152  15:59  Zergling x4  
  154  16:01  Zergling x11  
  154  16:02  Zergling x16  
  154  16:03  Zergling x4  
  154  16:04  Zergling x17  
  149  16:16  Zergling x2  
  149  16:17  Zergling x16  
  157  16:22  Omega Worm, Zergling x4  
  157  16:23  Zergling x2  
  157  16:24  Zergling x5  
  157  16:25  Zergling x3  
  157  16:26  Zergling x8  
  157  16:27  Zergling x4  
  157  16:28  Zergling x4  
  157  16:29  Zergling x3  
  155  16:30  Zergling x3  
  155  16:31  Zergling  
  155  16:33  Omega Worm, Zergling  
  155  16:34  Zergling x2  
  155  16:37  Zergling  
  155  16:39  Zergling  
  155  16:44  Zergling  
  155  16:45  Zergling  
  157  17:00  Overlord x2  
  157  17:01  Overlord  
  157  17:02  Hydralisk x3  
  157  17:03  Hydralisk x4  
  157  17:04  Hydralisk  
  157  17:07  Zerg Ground Armor Level 2  
  152  17:14  Omega Worm  
  152  17:26  Hydralisk x3  
  158  17:32  Omega Worm  
  158  17:33  Ultralisk Cavern  
  158  17:37  Omega Worm  
  157  17:46  Nydus Network  
  157  17:47  Nydus Network  
  155  17:56  Drone  
  155  17:58  Drone x2, Hydralisk x2  
  162  18:00  Drone  
  163  18:26  Zerg Ground Armor Level 3  
  163  18:27  Omega Worm  
  163  18:33  Omega Worm  
  163  18:39  Tissue Assimilation  
  163  18:50  Ultralisk  
  163  18:52  Overlord x3  
  169  19:00  Zergling  
  169  19:02  Zergling x4  
  169  19:03  Burrow Charge, Zergling x5  
  169  19:04  Omega Worm, Zergling  
  169  19:05  Omega Worm, Zergling x2  
  169  19:06  Omega Worm, Zergling x3  
  169  19:07  Zergling  
  169  19:08  Zergling x7  
  169  19:13  Seismic Spines  
  169  19:18  Ultralisk  
  169  19:19  Zergling x2  
  176  19:20  Zergling x14  
  176  19:27  Chitinous Plating, Hydralisk  
  182  19:30  Hydralisk  
  182  19:36  Lurker  
  182  19:39  Lurker  
  183  19:40  Zergling x2  
  183  19:41  Zergling x12  
  183  19:49  Omega Worm  
  190  19:51  Omega Worm  
  190  19:55  Drone x3  
  190  19:56  Zergling x6  
  190  19:57  Zergling x7  
  190  19:58  Zergling x2  
  193  20:24  Overlord x2  
  193  20:28  Hydralisk x3  
  193  20:29  Overlord x2  
  199  21:36  Lurker x2  
  199  21:49  Hydralisk  
  199  21:50  Zergling x2  
  199  21:51  Zergling x3  
  199  21:58  Lurker  
  200  22:15  Hydralisk x5  
  200  22:16  Hydralisk x3  
  200  22:24  Lurker x5  
  200  22:25  Lurker x3  
  200  22:38  Lurker x2  
  200  22:39  Lurker x3  
  200  22:42  Zergling x7  
  200  22:43  Zergling  
  200  23:20  Omega Worm x2  
  200  23:28  Omega Worm  
  200  23:30  Omega Worm  
  200  23:34  Omega Worm  
  200  24:36  Overseer  
  194  24:56  Hydralisk  
  194  24:57  Hydralisk x5  
  194  25:05  Lurker  
  194  25:06  Lurker x5  
  200  25:56  Lurker x3  
  200  25:59  Omega Worm  
  200  26:00  Omega Worm  
  200  26:01  Omega Worm  
  200  26:10  Lurker x3  
  200  26:11  Lurker x2  
  200  26:13  Hydralisk x2  
  200  26:14  Hydralisk  
  197  26:22  Lurker x2  
  197  26:23  Lurker  
  200  26:42  Zergling x13  
  200  26:43  Zergling x11  
  200  26:44  Omega Worm, Zergling x7  
  200  26:45  Omega Worm, Zergling x4  
  200  26:47  Zergling x7  
  200  26:48  Zergling  
  199  27:23  Hydralisk x3  
  199  27:52  Zergling x2  
  199  27:53  Zergling x6  
  199  27:54  Zergling x4  
  199  27:55  Zergling x4  
  199  28:00  Zergling x5  
  199  28:05  Zergling x3  
  199  28:09  Zergling x4  
  199  28:11  Zergling x4  
  199  28:12  Zergling  
  199  28:13  Zergling x6  
  199  28:14  Zergling  
  199  28:15  Zergling x2  
  199  28:16  Zergling x2  
  171  28:20  Ultralisk  
  192  28:29  Omega Worm, Zergling x6  
  191  28:30  Omega Worm, Zergling x6  
  191  28:31  Omega Worm, Zergling x7  
  191  28:32  Zergling x20  
  191  28:33  Zergling x7  
  191  28:34  Zergling x15  
  191  28:35  Zergling x8  
  191  28:36  Zergling x5  
  191  28:37  Zergling x7  
  191  28:38  Zergling x4  
  191  28:39  Zergling x2  
  188  28:40  Zergling  
  188  28:41  Zergling x2  
  171  28:51  Omega Worm  
  171  28:53  Omega Worm  
  99  29:30  Omega Worm  
  99  29:31  Omega Worm  
  99  29:32  Omega Worm  
Show
View Real Time Build Order
Export as new Build Order

zpr Terran 

Build Orders:  

Get SALT Encoding   

Tags
 
Add a new tag
Caveats
  • Supply blocks, unpowered buildings, or Contaminate may cause inaccurate times.
  • Supply counts are checked every 10 seconds.